 Dungeon Crawl Stone Soup version 0.29-a0-892-g2c4c91d9db (console) character file.

Game seed: 12347290432552755012

1834 CannotBeFrozen the Skirmisher (level 8, -1/91 HPs)
             Began as a Demigod Hunter on July 23, 2022.
             Slain by a killer bee (7 damage)
             ... on level 8 of the Dungeon.
             The game lasted 00:17:11 (6414 turns).

CannotBeFrozen the Skirmisher (Demigod Hunter)      Turns: 6414, Time: 00:17:11

Health: -1/91      AC:  6    Str: 12    XL:     8   Next: 56%
Magic:  10/10      EV: 11    Int: 11    God:
Gold:   373        SH:  0    Dex: 25    Spells: 7/7 levels left

rFire   . . .      SeeInvis .   b - +0 trident (flame)
rCold   . . .      Faith    .   (no shield)
rNeg    . . .      Spirit   .   t - +0 ring mail {rPois}
rPois   +          Reflect  .   (no helmet)
rElec   .          Harm     .   (no cloak)
rCorr   .          Rampage  .   (no gloves)
Will    .....                   f - +0 pair of boots
Stlth   ..........              (no amulet)
HPRegen 0.25/turn               j - +4 ring of slaying
MPRegen 0.12/turn               (no ring)

@: berserking, lethally poisoned (-1 -> -9), very quick
A: high MP 1, forlorn, divine attributes
a: no special abilities


You were on level 8 of the Dungeon.
You visited 1 branch of the dungeon, and saw 8 of its levels.

You collected 373 gold pieces.

Inventory:

Hand Weapons
 a - a +0 shortbow
 b - a +0 trident of flaming (weapon)
Missiles
 s - 9 poisoned darts
 u - 12 boomerangs of dispersal {=f=F}
 v - 3 atropa-tipped darts {=f=F}
Armour
 c - a +0 leather armour
 f - a +0 pair of boots (worn)
 t - a +0 ring mail of poison resistance (worn)
Jewellery
 j - a +4 ring of slaying (left hand)
Wands
 d - a wand of flame (13)
 p - a wand of light (8)
 q - a wand of digging (7)
 x - a wand of charming (12)
Scrolls
 g - 4 scrolls of teleportation {@r2}
 h - 2 scrolls of fear
 r - 2 scrolls of immolation
Potions
 e - 3 potions of attraction
 i - 5 potions of lignification
 k - 2 potions of curing {@q1}
 m - 2 potions of mutation
 n - a potion of might {unknown}
 o - a potion of flight {unknown}
 w - a potion of magic {unknown}


   Skills:
 - Level 2.0 Fighting
 + Level 10.5 Ranged Weapons
 + Level 1.9 Armour
 - Level 2.0 Dodging
 - Level 2.0 Stealth
 - Level 2.0 Evocations


You had 7 spell levels left.
You didn't know any spells.
Your spell library contained the following spells:

 Spells                   Type           Power      Damage    Failure   Level
 Slow                     Hex            0%         N/A       61%         1
 Confusing Touch          Hex            0%         N/A       93%         3
 Gell's Gravitas          Tloc           0%         N/A       93%         3
 Inner Flame              Hex/Fire       0%         N/A       93%         3
 Lesser Beckoning         Tloc           0%         N/A       93%         3
 Teleport Other           Tloc           0%         N/A       93%         3
 Vampiric Draining        Necr           0%         2d6       93%         3
 Anguish                  Hex/Necr       0%         N/A       100%        4
 Cause Fear               Hex            0%         N/A       100%        4
 Yara's Violent Unravell  Hex/Tmut       0%         3d3       100%        5
 Enfeeble                 Hex            0%         N/A       100%        7
 Discord                  Hex            0%         N/A       100%        8


Dungeon Overview and Level Annotations

Branches:
Dungeon (8/15)             Temple (0/1) D:6
   Lair: D:8-11

Annotations:
D:3 3 runed translucent doors, Infernotoast's ghost, amateur OgGl
D:4 1 runed translucent door, Natasha; Sigmund


Innate Abilities, Weirdness & Mutations

You have an increased reservoir of magic. (+10% MP)
You shall have no god before yourself.
Your divine heritage dramatically boosts your attributes as you level up.


Message History

The killer bee stings you but does no damage.
The killer bee stings you. The killer bee stings you!
* * * LOW HITPOINT WARNING * * *
The killer bee closely misses you. The killer bee completely misses you.
The killer bee stings you.
* * * LOW HITPOINT WARNING * * *
HP: 26/61 (-11) =====------- !
You are too injured to fight recklessly!
You are too injured to fight recklessly!
You are too injured to fight recklessly!
Your +0 trident of flaming bursts into flame!
b - a +0 trident of flaming (weapon)
The killer bee stings you but does no damage.
The killer bee stings you.
* * * LOW HITPOINT WARNING * * *
The killer bee barely misses you.
HP: 25/61 (-1) ====-------- A red film seems to cover your vision as you go berserk!
You feel yourself moving faster!
You feel mighty! The killer bee stings you!
* * * LOW HITPOINT WARNING * * *
The killer bee stings you.
* * * LOW HITPOINT WARNING * * *
You are poisoned.
The killer bee poisons you! The killer bee stings you.
* * * LOW HITPOINT WARNING * * *
The killer bee stings you.
* * * LOW HITPOINT WARNING * * *
The killer bee barely misses you.
The killer bee stings you but does no damage.
HP: 17/91 (-8) ==---------- You are too injured to fight recklessly!
You are too injured to fight recklessly!
You impale the killer bee!! You burn the killer bee.
You kill the killer bee!
You feel sick. The killer bee stings you.
* * * LOW HITPOINT WARNING * * *
The killer bee stings you!
* * * LOW HITPOINT WARNING * * *
You are lethally poisoned!
The killer bee poisons you! The killer bee stings you!
You die...

. # .. #.####
... #.....####
....
.........#.....
♣P..y.y..#
#@†..# #....#
.....# ......#
.........
........#..
.............
..............


You could see 2 killer bees.

Vanquished Creatures
  3 water moccasins (D:5)
  An ice beast (D:6)
  A sky beast (D:6)
  2 ogres (D:6)
  3 phantoms
  A gnoll sergeant (D:7)
  A necrophage (D:5)
  2 killer bees
  2 howler monkeys (D:7)
  2 hounds
  3 orc priests
  A gnoll bouda (D:6)
  6 orc wizards
  2 iguanas
  11 gnolls
  10 adders
  A shadow imp (D:6)
  2 white imps (D:6)
  A worm (D:2)
  A dart slug (D:1)
  18 orcs
  2 bats
  6 endoplasms
  4 giant cockroaches
  6 goblins
  9 hobgoblins
  6 jackals
  3 quokkas
  5 ball pythons
  2 frilled lizards (D:3)
  9 kobolds
  5 rats
131 creatures vanquished.

Notes
Turn   | Place    | Note
-------+----------+-------------------------------------------
     0 | D:1      | CannotBeFrozen the Demigod Hunter began the quest for the
                  | Orb.
     0 | D:1      | Reached XP level 1. HP: 17/17 MP: 3/3
    17 | D:1      | You fall into a shaft and drop 1 floor!
   339 | D:2      | Reached skill level 4 in Ranged Weapons
   356 | D:2      | Reached XP level 2. HP: 24/24 MP: 4/4
   646 | D:2      | Reached XP level 3. HP: 29/29 MP: 5/5
  1223 | D:1      | Reached skill level 5 in Ranged Weapons
  1690 | D:3      | Found a runed translucent gate.
  1691 | D:3      | Found a runed translucent gate.
  1691 | D:3      | Noticed a phantom
  1732 | D:3      | Noticed Infernotoast's ghost (amateur OgGl)
  1733 | D:3      | Found a runed translucent gate.
  1831 | D:3      | Reached XP level 4. HP: 36/36 MP: 6/6
  2107 | D:4      | Noticed Natasha
  2394 | D:4      | Found a runed translucent door.
  2709 | D:4      | Reached skill level 1 in Stealth
  2725 | D:4      | Reached XP level 5. HP: 41/41 MP: 7/7
  2869 | D:4      | Reached skill level 6 in Ranged Weapons
  2870 | D:4      | Noticed Sigmund
  3079 | D:5      | Entered Level 5 of the Dungeon
  3119 | D:5      | Noticed a water moccasin
  3144 | D:5      | Reached XP level 6. HP: 48/48 MP: 8/8
  3370 | D:5      | Reached skill level 7 in Ranged Weapons
  3372 | D:5      | Noticed a water moccasin
  3377 | D:5      | Killed a water moccasin
  3479 | D:5      | Reached XP level 7. HP: 50/55 MP: 9/9
  3762 | D:5      | Reached skill level 8 in Ranged Weapons
  4230 | D:6      | Reached skill level 1 in Evocations
  4417 | D:6      | Reached skill level 9 in Ranged Weapons
  4749 | D:6      | Reached XP level 8. HP: 59/61 MP: 10/10
  5188 | D:6      | Found a staircase to the Ecumenical Temple.
  5199 | D:6      | Reached skill level 10 in Ranged Weapons
  6123 | D:7      | Reached skill level 1 in Armour
  6414 | D:8      | Slain by a killer bee

Illustrated notes

Levels and vault maps discovered:
D:1:      minmay_arrival_stair_chambers, layout_rooms
D:2:      layout_basic, lemuel_old_faithful
D:3:      layout_rooms, gammafunk_ghost_split
D:4:      layout_gridville, gammafunk_ghost_grave, uniq_natasha, uniq_sigmund
D:5:      layout_rooms
D:6:      layout_basic, palyth_temple_overflow_mages,
          grunt_temple_overflow_cloverleaf, minmay_temple_entry_trees,
          minmay_unpleasant_kobolds
D:7:      layout_basic
D:8:      layout_cave_pools, tgw_xom, erik_lair_island, serial_park,
          serial_park_tiny_2

Skill      XL: |  1  2  3  4  5  6  7  8 |
---------------+-------------------------+-----
Ranged Weapons | 4 5 6 7 9 10 | 10.5
Stealth        | 1 2 |  2.0
Fighting       | 2 |  2.0
Dodging        | 2 |  2.0
Evocations     | 2 |  2.0
Armour         | 1 |  1.9

Action                   |  1- 3 |  4- 6 |  7- 9 || total
-------------------------+-------+-------+-------++-------
Melee: Trident           |       |       |     1 ||     1
 Fire: Shortbow          |   107 |    96 |   179 ||   382
  Use: Scroll            |       |     8 |     1 ||     9
       Potion            |       |       |     1 ||     1
Armor: Leather armour    |     7 |     5 |     3 ||    15
       Ring mail         |       |       |    20 ||    20
Dodge: Dodged            |    26 |    17 |    46 ||    89

Table legend: (Time is in decaauts)
 A = Elapsed time spent in this place.
 B = Non-inter-level travel time spent in this place.
 C = Inter-level travel time spent in this place.
 D = Time resting spent in this place.
 E = Time spent auto-exploring this place.
 F = Levels seen in this place.
 G = Mean time per level.
                   A        B        C        D        E       F      G
               +--------+--------+--------+--------+--------+-----+--------+
         Total |   6501 |   6246 |    255 |   1396 |   3519 |   8 |  812.6 |
       Dungeon |   6501 |   6246 |    255 |   1396 |   3519 |   8 |  812.6 |
               +--------+--------+--------+--------+--------+-----+--------+

Top non-repeatable levels by time:
     D:6: 1828 daAuts
     D:5: 1099 daAuts
     D:2: 1014 daAuts
     D:3: 940 daAuts
     D:4: 624 daAuts
     D:1: 579 daAuts
     D:7: 412 daAuts
     D:8: 3 daAuts
